 Dungeon Crawl Stone Soup version 0.30-a0-737-gf23d94013f (webtiles) character file.

Game seed: 17564514865720861584

217455 freelancePsychic the Stormcaller (level 18, -10/121 HPs)
             Began as a Tengu Cinder Acolyte on Feb 1, 2023.
             Was a Priest of Sif Muna.
             Killed from afar by an ice dragon (30 damage)
             ... with a blast of cold
             ... on level 4 of the Swamp.
             The game lasted 01:38:03 (55138 turns).

freelancePsychic the Stormcaller (TeCA)            Turns: 55138, Time: 01:38:03

Health: -10/121    AC: 20    Str: 16    XL:     18   Next: 58%
Magic:  7/34       EV: 24    Int: 25    God:    Sif Muna [***...]
Gold:   1378       SH:  7    Dex: 13    Spells: 3/30 levels left

rFire   + . .      SeeInvis .    a - staff of air
rCold   . . .      Faith    +    b - +2 buckler
rNeg    . . .      Spirit   .    A - +4 troll leather armour
rPois   +          Reflect  .    B - +2 hat of Watchfulness {rElec rPois Int+2}
rElec   +          Harm     .    u - +2 cloak of Valiance {Drain rPois Int+2}
rCorr   .          Rampage  .    O - +2 pair of gloves {infuse}
Will    ++...                    (boots unavailable)
Stlth   +++                      H
                                   - Hermit's Pendant {Faith Invo=14 Evo=0 MP+5}
HPRegen 1.20/turn                p - ring of the Kissing Genius {rElec rPois EV+5 Dex+3}
MPRegen 0.24/turn                T - ring of protection from fire

@: about to teleport, flying quickly and evasively, very slightly contaminated,
quick
A: beak, talons 3, nimble flight, strong-willed 1
}: 2/15 runes: decaying, serpentine
a: Renounce Religion, Channel Magic, Forget Spell


You were on level 4 of the Swamp.
You worshipped Sif Muna.
Sif Muna was most pleased with you.
You visited 7 branches of the dungeon, and saw 32 of its levels.
You visited the Abyss 1 time.
You also visited: Ossuary, Bailey and Gauntlet.

You collected 3599 gold pieces.
You spent 2221 gold pieces at shops.

Inventory:

Missiles
 c - 4 curare-tipped darts
 f - 52 poisoned darts
 h - 6 javelins
 n - 42 boomerangs
 C - 2 throwing nets
Armour
 b - a +2 buckler (worn)
 u - the +2 cloak of Valiance (worn) {Drain rPois Int+2}
   (You found it in a Gauntlet)

   Int:       It affects your intelligence (+2).
   rPois:     It protects you from poison.
   Drain:     It drains your maximum health when unequipped.
 A - a +4 troll leather armour (worn)
 B - the +2 hat of Watchfulness (worn) {rElec rPois Int+2}
   (You found it on level 2 of the Orcish Mines)

   Int:       It affects your intelligence (+2).
   rElec:     It insulates you from electricity.
   rPois:     It protects you from poison.
 O - a +2 pair of gloves of infusion (worn)
Magical Staves
 a - a staff of air (weapon)
Jewellery
 p - the ring of the Kissing Genius (left hand) {rElec rPois EV+5 Dex+3}
   (You took it off a minotaur in a Gauntlet)

   [ring of evasion]

   EV:        It affects your evasion (+5).
   Dex:       It affects your dexterity (+3).
   rElec:     It insulates you from electricity.
   rPois:     It protects you from poison.
 H - the Hermit's Pendant (around neck) {Faith Invo=14 Evo=0 MP+5}
   (You found it on level 7 of the Dungeon)

   [amulet of faith]

   Invo=14: It sets your Invocations skill to 14.
   Evo=0: It sets your Evocations skill to 0.
   It allows you to gain divine favour quickly.
   MP:        It affects your magic capacity (+5).
 N - a +6 ring of intelligence
 R - the amulet "Dutatzit" {Spirit Fragile rF- rC+++}
   (You found it in a Gauntlet)

   [amulet of guardian spirit]

   It causes incoming damage to be divided between your reserves of health and
   magic.
   rF:        It makes you vulnerable to fire.
   rC:        It renders you almost immune to cold.
   Fragile:   It will be destroyed if unequipped.
 T - a ring of protection from fire (right hand)
 W - an amulet of regeneration
 X - a ring of ice
 Z - a +6 ring of strength
Wands
 s - a wand of mindburst (20)
 E - a wand of flame (27)
 K - a wand of roots (25)
 M - a wand of paralysis (31)
 P - a wand of polymorph (8)
 Y - a wand of light (14)
Scrolls
 e - 3 scrolls of butterflies
 i - 13 scrolls of teleportation {@r4}
 k - 6 scrolls of blinking
 q - a scroll of magic mapping
 r - 6 scrolls of noise
 v - 5 scrolls of enchant weapon
 w - 7 scrolls of vulnerability
 x - 4 scrolls of immolation
 y - 2 scrolls of amnesia
 G - a scroll of poison
 I - 4 scrolls of fear
 L - 6 scrolls of fog
 Q - a scroll of enchant armour
Potions
 d - 9 potions of lignification
 g - 9 potions of haste {@q3}
 j - 10 potions of heal wounds {@q2}
 l - 3 potions of ambrosia
 m - 13 potions of curing {@q1}
 o - 6 potions of mutation
 t - 12 potions of might
 D - 6 potions of brilliance
 F - 2 potions of resistance
 J - 2 potions of cancellation
 U - 4 potions of attraction
Miscellaneous
 S - a phial of floods


   Skills:
 + Level 16.3 Fighting
 - Level 5.3 Short Blades
 - Level 8.0 Staves
 - Level 2.0 Throwing
 - Level 14.7 Armour
 - Level 11.8 Dodging
 - Level 5.3 Stealth
 - Level 5.0 Shields
 - Level 6.5 Spellcasting
 * Level 17.4 Conjurations
 - Level 4.0 Summonings
 - Level 8.5 Fire Magic
 - Level 6.0 Ice Magic
 * Level 18.3 Air Magic


You had 3 spell levels left.
You knew the following spells:

 Your Spells              Type           Power      Damage    Failure   Level
a - Freezing Cloud        Conj/Ice/Air   43%        6-21      1%          5
b - Orb of Destruction    Conj           38%        9d11      7%          7
c - Summon Lightning Spi  Summ/Air       77%        N/A       1%          4
d - Airstrike             Air            49%        2d(8-24)  1%          4
e - Arcjolt               Conj/Air       49%        1d59      1%          5
f - Scorch                Fire           100%       2d10      1%          2

Your spell library contained the following spells:

 Spells                   Type           Power      Damage    Failure   Level
 Magic Dart               Conj           100%       1d8       0%          1
 Shock                    Conj/Air       100%       1d9       0%          1
 Searing Ray              Conj           100%       2d8       0%          2
 Static Discharge         Conj/Air       100%       2-7/arc   0%          2
 Swiftness                Air            99%        N/A       0%          3
 Foxfire                  Conj/Fire      100%       2x1d9     1%          1
 Freeze                   Ice            100%       1d10      1%          1
 Kiss of Death            Conj/Necr      100%       2d13      1%          1
 Cigotuvi's Dreadful Rot  Necr/Pois/Air  100%       N/A       1%          2
 Momentum Strike          Conj/Tloc      100%       3d10      1%          2
 Poisonous Vapours        Pois/Air       100%       N/A       1%          2
 Hailstorm                Conj/Ice       61%        3d13      1%          3
 Kindle Blastsparks       Fire/Tloc/Air  100%       2d18      1%          3
 Mephitic Cloud           Conj/Pois/Air  80%        N/A       1%          3
 Vhi's Electric Charge    Tloc/Air       100%       N/A       1%          3
 Frozen Ramparts          Ice            76%        1d12      2%          3
 Call Imp                 Summ           28%        N/A       3%          2
 Call Canine Familiar     Summ           28%        N/A       6%          3
 Apportation              Tloc           16%        N/A       11%         1
 Necrotise                Necr           32%        1d5       11%         1
 Slow                     Hex            32%        N/A       11%         1
 Blink                    Tloc           16%        N/A       16%         2
 Lesser Beckoning         Tloc           16%        N/A       16%         2
 Confusing Touch          Hex            8%         N/A       30%         3
 Gell's Gravitas          Tloc           8%         N/A       30%         3
 Portal Projectile        Hex/Tloc       16%        N/A       30%         3
 Teleport Other           Tloc           8%         N/A       30%         3
 Vampiric Draining        Necr           8%         2d6       30%         3
 Sticky Flame             Conj/Fire      64%        2d8       1%          4
 Fireball                 Conj/Fire      32%        3d14      1%          5
 Iskenderun's Battlesphe  Conj           77%        2d13      1%          5
 Lightning Bolt           Conj/Air       49%        1d69      1%          5
 Conjure Ball Lightning   Conj/Air       49%        3x3d17    1%          6
 Fulminant Prism          Conj/Hex       25%        3d14      2%          4
 Iskenderun's Mystic Bla  Conj/Tloc      51%        2d11      2%          4
 Silence                  Hex/Air        34%        N/A       7%          5
 Summon Ice Beast         Ice/Summ       33%        N/A       13%         4
 Ice Form                 Ice/Tmut       23%        N/A       30%         4
 Iron Shot                Conj/Erth      25%        9d5       41%         6
 Dispel Undead            Necr           8%         3d8       71%         4
 Leda's Liquefaction      Hex/Erth       4%         N/A       71%         4
 Manifold Assault         Tloc           8%         N/A       71%         4
 Olgreb's Toxic Radiance  Pois           8%         N/A       71%         4
 Passage of Golubria      Tloc           8%         N/A       71%         4
 Spellforged Servitor     Conj/Summ      29%        N/A       71%         7
 Summon Forest            Summ/Tloc      9%         N/A       77%         5
 Summon Mana Viper        Hex/Summ       18%        N/A       77%         5
 Agony                    Necr           8%         N/A       96%         5
 Alistair's Intoxication  Tmut/Pois      5%         N/A       96%         5
 Summon Cactus Giant      Summ           14%        N/A       97%         6
 Simulacrum               Ice/Necr       11%        N/A       99%         6
 Dispersal                Tloc           4%         N/A       100%        6
 Malign Gateway           Summ/Tloc      9%         N/A       100%        7
 Monstrous Menagerie      Summ           14%        N/A       100%        7
 Ozocubu's Refrigeration  Ice            19%        4d11      100%        7
 Disjunction              Tloc           4%         N/A       100%        8
 Ignition                 Fire           25%        3d8       100%        8
 Lehudib's Crystal Spear  Conj/Erth      25%        10d7      100%        8
 Chain Lightning          Conj/Air       49%        3d65      100%        9
 Polar Vortex             Ice            19%        N/A       100%        9


Dungeon Overview and Level Annotations

Branches:
Dungeon (15/15)            Temple (1/1) D:4            Lair (5/5) D:11
  Swamp (4/4) Lair:2        Snake (4/4) Lair:2        Slime (0/5) Lair:5
    Orc (2/2) D:10            Elf (1/3) Orc:2        Vaults (0/5) D:13
 Depths (0/4) D:15        Ossuary (visited)          Bailey (visited)
Gauntlet (visited)

Altars:
Ashenzari
Cheibriados
Dithmenos
Elyvilon
Fedhas
Gozag
Hepliaklqana
Kikubaaqudgha
Makhleb
Nemelex Xobeh
Okawaru
Qazlal
Ru
Sif Muna
Trog
Uskayaw
Vehumet
Wu Jian
Xom
Yredelemnul
Zin
The Shining One

Shops:
D:6 *   D:8 [   Orc:2 [[(?*(:[*   Snake:1 ((*!   Snake:4 [!

Portals:
Trove: D:11 (give +7 demon trident)

Annotations:
D:5 1 runed translucent door, MrSquiggles's ghost, amateur MiFi
D:10 2 transporters, Ekaitz's ghost, journeyman DsEE
D:14 1 runed translucent door
Snake:1 Roxanne
Snake:3 Bai Suzhen
Elf:1 Asterion


Innate Abilities, Weirdness & Mutations

You have a beak for a mouth.
You have claws for feet.
Your magical nature lets you fly swiftly and evasively.
You are strong-willed. (Will+)


Message History

The bolt of lightning hits the eight-headed hydra simulacrum!!!!
The eight-headed hydra simulacrum vaporises!
Sif Muna accepts your kill.
The bolt of lightning hits the eight-headed hydra simulacrum!!!
The eight-headed hydra simulacrum is almost destroyed.
The bolt of lightning hits the seven-headed hydra simulacrum!!!!
The seven-headed hydra simulacrum vaporises!
Sif Muna accepts your kill.
The bolt of lightning hits the seven-headed hydra simulacrum!!!
The seven-headed hydra simulacrum vaporises!
Sif Muna accepts your kill.
The bolt of lightning hits the six-headed hydra simulacrum!!!!
The six-headed hydra simulacrum vaporises!
Sif Muna accepts your kill.
Cast which spell? (? or * to list)
Aiming: Airstrike (safe; 1% risk of failure)
Press: ? - help, Dir - move target, f - eight-headed hydra simulacrum
Aim: an eight-headed hydra simulacrum (water, almost destroyed, empty space bonus: 8/8)
You feel a surge of power!
The air twists around and strikes the eight-headed hydra simulacrum!!
The eight-headed hydra simulacrum vaporises!
Sif Muna accepts your kill.
The ice dragon is engulfed in freezing vapours.
Lightning arcs from your hands!
The bolt of lightning hits the ice dragon!!!!
You kill the ice dragon!
Sif Muna accepts your kill. The bolt of lightning hits you! You resist.
You can no longer call upon Sif Muna to cast any spell from your library.
The ice dragon is engulfed in freezing vapours.
As you read the scroll of teleportation {@r4}, it crumbles to dust.
You feel strangely unstable.
The ice dragon is engulfed in freezing vapours. x2
The ice dragon breathes frost at you. The blast of cold hits you!!
* * * LOW HITPOINT WARNING * * *
The ice dragon is engulfed in freezing vapours.
The ice dragon breathes frost at you. The blast of cold hits you!!
You die...

##############
##~≈.≈~.~#≈≈≈≈#
##≈≈.Z≈°###~~≈≈.≈
#@○†○D°°§°≈≈Z..≈≈
#≈°○○D°§≈≈.D.≈≈≈#
#≈.°≈≈°°○.DZ≈≈≈#
#≈≈.≈≈.°○≈≈≈≈≈#
##≈.≈≈.°Z°°≈###
##≈..≈≈≈○###♣♣♣♣♣
#♣.######♣♣♣≈≈≈≈
#..# ♣♣≈≈≈≈≈≈ .
♣♣≈≈≈≈≈.≈


You could see 2 ice dragons, a seven-headed hydra simulacrum and a five-headed
hydra simulacrum.

Vanquished Creatures
  Mlioglotl (Snake:1)
  2 nagarajas (Snake:4)
  A thorn hunter (Swamp:3)
  3 fenstrider witches (Swamp:2)
  The ghost of Beavis the Unseen, a journeyman NaFE of Vehumet (Orc:2)
  Aizul (Snake:4)
  A deep elf elementalist (Elf:1)
  Louise (Snake:1)
  An orc warlord (Bailey)
  An eleionoma (Swamp:2)
  A deep elf demonologist (Elf:1)
  Azrael (Elf:1)
  A minotaur (Gauntlet)
  5 bunyips
  2 shambling mangroves
  An ice dragon (Swamp:4)
  6 salamander tyrants (Snake:4)
  A vault guard (D:13)
  5 hydras
  A hell beast (Gauntlet)
  3 ghost crabs
  3 two-headed ogres
  3 centaur warriors
  9 anacondas
  A catoblepas (Lair:5)
  A death knight (D:13)
  9 naga warriors
  7 death yaks
  4 boulder beetles
  7 alligators
  A deep troll shaman (Lair:5)
  An orc high priest (Elf:1)
  6 shock serpents
  2 dancing weapons (Elf:1)
  Sonja (Orc:1)
  9 naga sharpshooters
  A sixfirhy (Abyss:3)
  A wretched star (Abyss:3)
  4 salamander mystics
  6 skeletal warriors (D:14)
  2 glowing orange brains (Gauntlet)
  3 spriggan druids
  5 swamp dragons
  7 bog bodies
  2 naga ritualists
  Pikel (D:7)
  2 necromancers
  A lindwurm (Lair:5)
  5 wizards
  5 mana vipers
  7 orc sorcerers
  10 deep elf pyromancers
  7 deep elf zephyrmancers
  3 orc knights
  4 will-o-the-wisps
  22 salamanders
  7 cyclopes
  8 ugly things
  A centaur zombie (D:15)
  3 manticores
  18 elephants
  A large abomination (Abyss:3)
  5 guardian serpents
  13 cane toads
  Joseph (D:8)
  12 naga magi
  28 black mambas
  3 gargoyles
  2 orange demons (Abyss:3)
  A centaur skeleton (D:15)
  An efreet (D:14)
  A komodo dragon (shapeshifter) (D:14)
  A rime drake (Lair:5)
  2 freezing wraiths (Swamp:4)
  4 komodo dragons
  5 polar bears
  3 meliai (D:14)
  3 trolls
  2 bloated husks
  A hornet (shapeshifter) (D:14)
  8 tyrant leeches
  9 blink frogs
  13 hornets
  2 raiju (Abyss:3)
  Grinder (D:4)
  6 slime creatures
  A centaur simulacrum (D:14)
  2 water elementals
  A meliai zombie (D:15)
  Sigmund (D:4)
  20 yaks
  3 wyverns
  15 spriggans
  3 wraiths
  2 shadows (D:12)
  20 humans (D:13)
  A vampire (D:14)
  A human (shapeshifter) (D:7)
  5 basilisks
  19 fire elementals
  2 steam dragons
  4 swamp worm simulacra (Swamp:4)
  12 vampire mosquitoes
  9 wargs
  20 water moccasins
  11 swamp worms
  5 hell hounds
  2 acid dragons
  10 hydra simulacra (Swamp:4)
  38 nagas
  2 swamp drakes
  3 black bears
  25 orc warriors
  3 ice beasts
  2 ogres
  18 wolves
  7 centaurs
  A lemure (D:7)
  2 phantoms
  An elf zombie (Ossuary)
  4 kobold brigands
  6 bullfrogs
  8 necrophages
  A hornet simulacrum (D:8)
  5 killer bees (D:10)
  8 howler monkeys
  10 electric eels
  5 crimson imps
  2 human zombies (Ossuary)
  7 jellies (D:8)
  Crazy Yiuf (D:2)
  15 orc priests
  3 gnoll boudas
  5 hounds
  An iron imp (Orc:2)
  6 iguanas
  50 orc wizards
  5 hell rats (Lair:4)
  A boggart skeleton (D:15)
  2 mummies (Ossuary)
  12 adders
  18 gnolls
  3 shadow imps
  6 white imps
  5 ufetubi
  4 swamp drake simulacra (Swamp:4)
  2 adder zombies (Ossuary)
  4 worms
  2 dart slugs
  117 orcs
  4 ball pythons
  5 bats
  9 endoplasms
  4 giant cockroaches
  9 goblins
  9 hobgoblins
  2 jackals (D:3)
  27 kobolds
  6 quokkas
  5 frilled lizards
  A goblin zombie (Ossuary)
  13 hobgoblin zombies (Ossuary)
  2 jackal zombies (Ossuary)
  9 kobold zombies (Ossuary)
  7 orc zombies (Ossuary)
  8 rats
  8 briar patches (Swamp:3)
1084 creatures vanquished.

Vanquished Creatures (collateral kills)
  2 salamander tyrants (Snake:4)
  A hydra (Swamp:1)
  3 anacondas
  A naga warrior (Snake:1)
  2 naga sharpshooters
  2 salamander mystics
  A bog body (Swamp:1)
  A naga ritualist (Snake:4)
  A deep elf pyromancer (Elf:1)
  A mana viper (Snake:4)
  2 black mambas
  A hornet (Swamp:2)
  6 nagas
  2 orc priests (Orc:2)
  3 orcs (Orc:2)
29 creatures vanquished.

Vanquished Creatures (others)
  A hydra (Swamp:3)
  A salamander (Snake:4)
  A hornet (Swamp:3)
  2 briar patches (Swamp:3)
  A bush (Lair:2)
  26 foxfires
  40 fungi
  56 plants
128 creatures vanquished.

Grand Total: 1241 creatures vanquished

Notes
Turn   | Place    | Note
-------+----------+-------------------------------------------
     0 | D:1      | freelancePsychic the Tengu Cinder Acolyte began the quest
                  | for the Orb.
     0 | D:1      | Reached XP level 1. HP: 14/14 MP: 3/3
   267 | D:1      | Reached skill level 1 in Stealth
   267 | D:1      | Reached XP level 2. HP: 12/19 MP: 4/4
   293 | D:1      | Reached skill level 1 in Throwing
   296 | D:1      | Learned a level 2 spell: Scorch
   888 | D:2      | Reached XP level 3. HP: 20/23 MP: 0/5
  1186 | D:2      | Found a runed translucent door.
  1187 | D:2      | Noticed Crazy Yiuf
  1434 | D:2      | Reached XP level 4. HP: 25/28 MP: 2/6
  2287 | D:2      | Killed Crazy Yiuf
  2429 | D:3      | Gained mutation: Your magical nature lets you fly swiftly
                  | and evasively. [Tengu growth]
  2429 | D:3      | Reached XP level 5. HP: 30/32 MP: 9/9
  3758 | D:4      | Noticed Sigmund
  3758 | D:4      | Noticed a phantom
  3976 | D:4      | Reached XP level 6. HP: 38/38 MP: 4/11
  4144 | D:4      | Killed Sigmund
  4206 | D:4      | Reached XP level 7. HP: 44/44 MP: 3/13
  4691 | D:4      | Found a staircase to the Ecumenical Temple.
  4939 | D:4      | Noticed Grinder
  5061 | D:5      | Entered Level 5 of the Dungeon
  5061 | D:5      | Found a runed translucent door.
  5062 | D:5      | Noticed MrSquiggles's ghost (amateur MiFi)
  5279 | D:5      | Found a large runed translucent door.
  5281 | D:5      | Found a large runed translucent door.
  5285 | D:5      | Reached skill level 5 in Fighting
  5298 | D:5      | Found a sparkling altar of Nemelex Xobeh.
  5303 | D:5      | Reached skill level 5 in Stealth
  5303 | D:5      | Reached skill level 5 in Fire Magic
  5303 | D:5      | Reached XP level 8. HP: 49/49 MP: 15/15
  5308 | D:5      | Found a shadowy altar of Dithmenos.
  5713 | D:5      | Reached skill level 1 in Dodging
  6433 | D:6      | Found Faor's Assorted Antiques.
  6441 | D:6      | Bought a golden potion for 21 gold pieces
  6441 | D:6      | Bought a cyan potion for 21 gold pieces
  6441 | D:6      | Bought a scroll labelled XOSADO JYGI for 24 gold pieces
  6441 | D:6      | Bought a scroll labelled ASMUPH AMOSEB for 24 gold pieces
  6441 | D:6      | Bought a scroll of identify for 48 gold pieces
  6441 | D:6      | Bought a ruby potion for 21 gold pieces
  6441 | D:6      | Bought a blue potion for 21 gold pieces
  7183 | D:7      | Noticed Pikel
  7197 | D:7      | Killed Pikel
  7198 | D:7      | Reached XP level 9. HP: 38/56 MP: 13/16
  7224 | D:7      | Reached skill level 5 in Dodging
  7476 | D:7      | Found a sand-covered staircase.
  7485 | Ossuary  | Entered an ossuary
  8156 | D:7      | Found a faded altar of an unknown god.
  8156 | D:7      | Found the Hermit's Pendant {Faith Invo=14 Evo=0 MP+5}
  8326 | D:6      | Reached skill level 5 in Short Blades
  8502 | D:4      | Paralysed by Grinder for 3 turns
  8507 | D:4      | Killed Grinder
  8508 | D:4      | Reached XP level 10. HP: 64/64 MP: 14/21
  9277 | D:6      | Noticed a gargoyle
  9489 | D:8      | Noticed Joseph
  9491 | D:8      | Killed Joseph
  9706 | D:8      | Found Wofiorath's Antique Armour Shoppe.
  9962 | D:8      | Reached skill level 5 in Spellcasting
 12123 | D:10     | Entered Level 10 of the Dungeon
 12151 | D:10     | Noticed a moth of wrath
 12152 | D:10     | Noticed a fire dragon
 12158 | D:10     | Found a transporter.
 12186 | D:10     | Found a flagged portal.
 12261 | Bailey   | Entered a bailey
 12266 | Bailey   | Noticed an orc warlord
 12475 | Bailey   | Found a runed translucent gate.
 12478 | Bailey   | Found a runed translucent gate.
 12480 | Bailey   | Found a runed translucent gate.
 12526 | Bailey   | Reached XP level 11. HP: 71/71 MP: 18/22
 12705 | Bailey   | Killed an orc warlord
 12706 | Bailey   | Reached skill level 10 in Fighting
 12764 | Bailey   | Acquired a +0 spectral lajatang
 12928 | D:10     | Reached skill level 1 in Staves
 13170 | D:10     | Found a staircase to the Orcish Mines.
 13268 | D:10     | Found a transporter.
 13269 | D:10     | Noticed Ekaitz's ghost (journeyman DsEE)
 13852 | D:10     | Found a shimmering altar of Xom.
 14670 | D:11     | Noticed a two-headed ogre
 14682 | D:11     | Killed a two-headed ogre
 14742 | D:11     | Reached skill level 5 in Staves
 14749 | D:11     | Noticed a death yak
 14749 | D:11     | Noticed a death yak
 14864 | D:11     | Found a portal to a secret trove of treasure.
 15296 | D:11     | Found a staircase to the Lair.
 15296 | D:11     | Noticed a death yak
 15298 | D:11     | Noticed a cyclops
 15350 | D:11     | Killed a death yak
 15391 | D:11     | Killed a cyclops
 15527 | D:11     | Killed a death yak
 15530 | D:11     | Killed a death yak
 15531 | D:11     | Reached XP level 12. HP: 58/80 MP: 19/23
 15736 | D:11     | Noticed a two-headed ogre
 15741 | D:11     | Killed a two-headed ogre
 16144 | Lair:1   | Entered Level 1 of the Lair of Beasts
 16609 | Lair:1   | Reached skill level 10 in Dodging
 17485 | Temple   | Entered the Ecumenical Temple
 17485 | Temple   | Found a transporter.
 17485 | Temple   | Found a transporter.
 17487 | Temple   | Found a transporter.
 17487 | Temple   | Found a transporter.
 17513 | Temple   | Fell from the grace of Ignis
 17513 | Temple   | Became a worshipper of Sif Muna the Loreminder
 18051 | Lair:1   | You are sucked into a shaft and drop 1 floor!
 18395 | Lair:2   | Reached * piety under Sif Muna
 18781 | Lair:2   | Found a burning altar of Makhleb.
 18790 | Lair:2   | Learned a level 5 spell: Freezing Cloud
 18802 | Lair:2   | Reached skill level 1 in Air Magic
 18849 | Lair:2   | Reached skill level 1 in Conjurations
 18849 | Lair:2   | Reached XP level 13. HP: 87/87 MP: 24/24
 18852 | Lair:2   | Reached skill level 2 in Air Magic
 18878 | Lair:2   | Reached skill level 1 in Ice Magic
 18935 | Lair:2   | Reached skill level 3 in Air Magic
 19061 | Lair:2   | Found a staircase to the Snake Pit.
 19091 | Lair:2   | Reached ** piety under Sif Muna
 19311 | Lair:2   | Reached skill level 4 in Air Magic
 19928 | Lair:2   | Found a staircase to the Swamp.
 20009 | Lair:3   | Reached skill level 5 in Air Magic
 20013 | Lair:3   | Reached skill level 5 in Conjurations
 21170 | Lair:3   | Reached skill level 6 in Air Magic
 21201 | Lair:3   | Reached *** piety under Sif Muna
 21553 | Lair:3   | Reached skill level 7 in Air Magic
 21553 | Lair:3   | You are sucked into a shaft and drop 2 floors!
 21553 | Lair:5   | Entered Level 5 of the Lair of Beasts
 21715 | Lair:5   | Was forgiven by Ignis
 22475 | Lair:4   | Reached **** piety under Sif Muna
 23373 | Lair:5   | Reached skill level 8 in Air Magic
 23647 | Lair:5   | Found a staircase to the Slime Pits.
 24510 | Lair:5   | Reached XP level 14. HP: 79/94 MP: 25/25
 25061 | Lair:5   | Reached skill level 9 in Air Magic
 25170 | Lair:5   | Identified the ring "Ovammul" {MP+9 Str+2}
 25274 | Lair:5   | Upgraded the game from 0.30-a0-728-gc68057be0a to
                  | 0.30-a0-737-gf23d94013f
 26837 | D:12     | Reached ***** piety under Sif Muna
 27459 | D:13     | Reached skill level 10 in Conjurations
 27459 | D:13     | Reached skill level 10 in Air Magic
 28094 | D:13     | Received a gift from Sif Muna
 28095 | D:13     | Reached skill level 5 in Ice Magic
 28095 | D:13     | Got Sif Muna's Catalogue of Lightning and Blasting {god
                  | gift}
 28244 | D:12     | Learned a level 4 spell: Airstrike
 28568 | D:13     | Found a gate to the Vaults.
 28734 | D:14     | Found a gate leading to a gauntlet.
 28740 | Gauntlet | Entered a Gauntlet
 28740 | Gauntlet | Found a transporter.
 28740 | Gauntlet | Found a transporter.
 28745 | Gauntlet | Found a transporter.
 28760 | Gauntlet | Found a transporter.
 28774 | Gauntlet | Found a transporter.
 28787 | Gauntlet | Found a transporter.
 28803 | Gauntlet | Found a transporter.
 28871 | Gauntlet | Found a transporter.
 28885 | Gauntlet | Found a transporter.
 28899 | Gauntlet | Found a transporter.
 28912 | Gauntlet | Found a transporter.
 28928 | Gauntlet | Found a transporter.
 28997 | Gauntlet | Found a transporter.
 29009 | Gauntlet | Found a transporter.
 29041 | Gauntlet | Found a transporter.
 29051 | Gauntlet | Found a transporter.
 29386 | Gauntlet | Identified the +0 cloak of the Cockatrice {Regen+}
 29412 | Gauntlet | Reached skill level 11 in Air Magic
 29451 | Gauntlet | Identified the +2 cloak of Valiance {Drain rPois Int+2}
 29518 | Gauntlet | Identified the ring of the Kissing Genius {rElec rPois EV+5
                  | Dex+3}
 29570 | Gauntlet | Identified the +1 great sword "Awnaabel" {heavy, rElec}
 29570 | Gauntlet | Identified the amulet "Laxoh" {Acrobat rC+ rN+ rCorr}
 29570 | Gauntlet | Identified the amulet "Dutatzit" {Spirit Fragile rF- rC+++}
 30021 | D:14     | Reached XP level 15. HP: 101/101 MP: 22/26
 30032 | D:14     | Reached skill level 1 in Armour
 30208 | D:14     | Reached skill level 1 in Shields
 30502 | D:14     | Found a hazy altar of Hepliaklqana.
 30797 | D:14     | Found a runed translucent door.
 30837 | D:14     | Noticed a fire giant
 31799 | D:14     | Reached skill level 12 in Air Magic
 32063 | D:15     | Entered Level 15 of the Dungeon
 32125 | D:15     | Found a sparkling altar of Nemelex Xobeh.
 33084 | D:15     | Reached skill level 5 in Armour
 33437 | D:15     | Received a gift from Sif Muna
 33438 | D:15     | Got Sif Muna's Handbook of the Storm and Command {god gift}
 33445 | D:15     | Learned a level 5 spell: Arcjolt
 33450 | D:15     | Learned a level 4 spell: Summon Lightning Spire
 34021 | D:15     | Found a staircase to the Depths.
 34270 | Orc:1    | Entered Level 1 of the Orcish Mines
 34283 | Orc:1    | Noticed Sonja
 34414 | Orc:1    | Killed Sonja
 34415 | Orc:1    | Reached skill level 1 in Summonings
 34689 | Orc:1    | Reached skill level 15 in Fighting
 35159 | Orc:2    | Entered Level 2 of the Orcish Mines
 35322 | Orc:2    | Found Wooph's Assorted Antiques.
 35380 | Orc:2    | Bought a scroll of teleportation for 78 gold pieces
 35380 | Orc:2    | Bought a scroll of identify for 52 gold pieces
 35402 | Orc:2    | Found a runed translucent door.
 35546 | Orc:2    | Noticed Beavis's ghost (journeyman NaFE)
 35581 | Orc:2    | Found a staircase to the Elven Halls.
 35613 | Orc:2    | Found Lotz's Magic Scroll Boutique.
 35622 | Orc:2    | Bought a scroll of acquirement for 728 gold pieces
 35622 | Orc:2    | Acquired a staff of air
 35731 | Orc:2    | Found Socriati's Armour Emporium.
 36124 | Orc:2    | Found Keufuh's General Store.
 36139 | Orc:2    | Found Taus's Weapon Boutique.
 36425 | Orc:2    | Found Genlaine's Book Shop.
 36426 | Orc:2    | Found Emitz's Armour Shoppe.
 36658 | Orc:2    | Found Zemut's Antique Weapon Shoppe.
 36714 | Orc:2    | Found Vuilaz's Armour Shop.
 36716 | Orc:2    | Received a gift from Sif Muna
 37085 | Orc:2    | Identified the +2 hat of Watchfulness {rElec rPois Int+2}
 37302 | Orc:2    | Killed Beavis's ghost
 37303 | Orc:2    | Reached skill level 13 in Air Magic
 37632 | Snake:1  | Entered Level 1 of the Snake Pit
 37729 | Snake:1  | Reached skill level 5 in Shields
 38081 | Swamp:1  | Entered Level 1 of the Swamp
 38458 | Swamp:1  | Reached XP level 16. HP: 108/108 MP: 27/27
 39330 | Swamp:2  | Noticed a fenstrider witch
 39456 | Swamp:2  | Received a gift from Sif Muna
 39457 | Swamp:2  | Got Sif Muna's Compendium of Prime Gusts {god gift}
 39871 | Snake:1  | Reached skill level 10 in Armour
 40265 | Snake:1  | Noticed Mlioglotl
 42593 | Snake:3  | Noticed Bai Suzhen
 43598 | Snake:3  | Reached skill level 14 in Air Magic
 44937 | Snake:4  | Entered Level 4 of the Snake Pit
 44964 | Snake:4  | Reached XP level 17. HP: 98/113 MP: 10/28
 45027 | Snake:4  | Noticed Aizul
 45491 | Snake:4  | Found Zitrego's Distillery.
 45491 | Snake:4  | Found Syrap's Antique Armour Emporium.
 45495 | Snake:4  | Received a gift from Sif Muna
 45549 | Snake:4  | Bought a potion of invisibility for 120 gold pieces
 45549 | Snake:4  | Bought a potion of haste for 150 gold pieces
 45549 | Snake:4  | Bought a potion of haste for 150 gold pieces
 45559 | Snake:4  | Learned a level 7 spell: Orb of Destruction
 45610 | Snake:4  | Reached skill level 15 in Air Magic
 46119 | Snake:4  | Killed Aizul
 47055 | Snake:4  | Reached skill level 16 in Air Magic
 47210 | Snake:4  | Reached skill level 15 in Conjurations
 47683 | Snake:4  | Got a serpentine rune of Zot
 48184 | Snake:1  | Killed Mlioglotl
 48489 | Snake:1  | Identified Roxanne's Enchiridion on Terrain
 48489 | Snake:1  | Noticed Roxanne
 48669 | Snake:1  | Found Moly's General Store.
 48669 | Snake:1  | Found Keichiup's Distillery.
 48671 | Snake:1  | Found Efungaf's Antique Weapon Boutique.
 48671 | Snake:1  | Found Ogutsedd's Weapon Boutique.
 48671 | Snake:1  | Noticed Louise
 48678 | Abyss:3  | Cast into level 3 of the Abyss (Louise)
 48708 | Abyss:3  | Found a corrupted altar of Lugonu.
 48836 | Abyss:3  | Gained mutation: You are strong-willed. (Will+) [a
                  | cacodemon]
 48844 | Abyss:4  | Found a corrupted altar of Lugonu.
 48864 | Snake:1  | Escaped the Abyss
 48876 | Snake:1  | Killed Louise
 48939 | Snake:1  | Bought a potion of haste for 180 gold pieces
 49055 | Snake:1  | Bought a potion of heal wounds for 60 gold pieces
 49055 | Snake:1  | Bought a potion of curing for 36 gold pieces
 49055 | Snake:1  | Bought a potion of ambrosia for 96 gold pieces
 49055 | Snake:1  | Bought a potion of mutation for 96 gold pieces
 49055 | Snake:1  | Bought a potion of curing for 36 gold pieces
 49334 | Orc:2    | Bought a scroll of fear for 56 gold pieces
 49334 | Orc:2    | Bought a scroll of fog for 56 gold pieces
 49334 | Orc:2    | Bought a scroll of enchant weapon for 105 gold pieces
 49334 | Orc:2    | Bought a scroll of teleportation for 42 gold pieces
 49341 | Elf:1    | Entered Level 1 of the Elven Halls
 49348 | Elf:1    | Received a gift from Sif Muna
 49349 | Elf:1    | Got Sif Muna's Vademecum on Damage {god gift}
 49764 | Elf:1    | Noticed Azrael
 49777 | Elf:1    | Killed Azrael
 49970 | Elf:1    | Reached XP level 18. HP: 93/120 MP: 13/29
 49972 | Elf:1    | Noticed Asterion
 50308 | Lair:2   | Reached skill level 17 in Air Magic
 51831 | Swamp:2  | You are sucked into a shaft and drop 1 floor!
 53773 | Swamp:3  | Reached skill level 18 in Air Magic
 54099 | Swamp:3  | Received a gift from Sif Muna
 54100 | Swamp:3  | Got Ivoevejo's Compilation of Location {god gift}
 54390 | Swamp:4  | Entered Level 4 of the Swamp
 55131 | Swamp:4  | Got a decaying rune of Zot
 55138 | Swamp:4  | Killed from afar by an ice dragon

Illustrated notes

Levels and vault maps discovered:
D:1:      dpeg_arrival_arbitrary_a, layout_basic, minmay_distorted
D:2:      layout_basic, wad_floor_pattern_2, uniq_crazy_yiuf_cottage
D:3:      layout_basic, serial_bayou_pond_a
D:4:      layout_gridville, lemuel_temple_firewalk_b, uniq_grinder, uniq_sigmund
D:5:      layout_gridville, jmf_multi_god_temple2,
          hellmonk_ghost_happy_afterlife
D:6:      minmay_klotski, layout_rooms, serial_shops,
          nicolae_shop_overgrown_old_shop, fountainhead, minivault_1
D:7:      layout_basic, nicolae_ossuary_entry_ruins,
          hellmonk_guarded_unrand_hermit, uniq_pikel
D:8:      lemuel_slime, layout_rooms, serial_shops,
          nicolae_shop_overgrown_old_shop, minmay_three_doors, uniq_joseph
D:9:      nicolae_moon_pools, layout_basic
D:10:     layout_cave_pods, led_xom_imps, hiddenorc2_lemuel, enter_bailey_7,
          gammafunk_ghost_berserking_beasts, kennysheep_cluttered_room
D:11:     layout_loops_corners, dpeg_lair_monsters, nicolae_trove_entry_columns
D:12:     layout_layer_cave, kennysheep_boxes
D:13:     layout_loops_ring, grunt_vaults_entry_tiered
D:14:     layout_cave_pods, gauntlet_entry_generic,
          nicolae_hepliaklqana_hazy_memory, minivault_26, minmay_hidden_floor
D:15:     grunt_enter_depths_magical_seal, layout_basic,
          nemelex_xobeh_ov_fountains_minmay
Temple:   hellmonk_temple_divided_pantheon
Lair:1:   kb_forest_paths, layout_cave_pods, minmay_holes
Lair:2:   layout_long_grid, palyth_hydra_swamp_entry,
          minmay_snake_entry_six_corridors, basic_altar,
          infiniplex_staircase_pool, serial_bayou_shore_b
Lair:3:   layout_regular_city, roderic_carrion_pond, serial_bayou_shore_a,
          lemuel_fruit_tree, grunt_megastairs_5
Lair:4:   layout_gridlike, infiniplex_staircase_pool_2
Lair:5:   grunt_lair_end_beastmaster, layout_small_grid, slime_entry_1
Swamp:1:  layout_falls_marsh, serial_swamp_ruin, evilmike_swamp_ruin_rubble_1,
          evilmike_swamp_ruin_house_2, evilmike_swamp_ruin_house_3, swamp_pool3
Swamp:2:  layout_basic_swamp, nicolae_swamp_treefoil, swamp_pool2,
          nicolae_swamp_spooky_pond
Swamp:3:  layout_falls_marsh, hangedman_swamp_ruin_wall
Swamp:4:  swamp_icy, layout_basic_swamp
Snake:1:  layout_rooms, grunt_ministairs_3, minmay_shop_grid_forest,
          grunt_megastairs_2, uniq_louise, uniq_roxanne, uniq_mlioglotl
Snake:2:  layout_grid_maze
Snake:3:  layout_chambers, grunt_megastairs_4, uniq_bai_suzhen
Snake:4:  grunt_snake_rune_pools, layout_cave_town, serial_bayou_crossing,
          minmay_shoptagon, uniq_aizul
Orc:1:    layout_caves, nicolae_orc_sculptors_studio, uniq_sonja
Orc:2:    st_orc_town, layout_caves, ebering_ghost_reflecting_pool,
          serial_shops, nicolae_shop_waterfront, shop, nicolae_diamond_shop,
          nicolae_shop_behind_doors, nicolae_shop_trees, hangedman_minor_magic
Elf:1:    eino_elf_arrival_sip, layout_loops_ring,
          gammafunk_ghost_fury_of_okawaru, minmay_elf_demonology, uniq_azrael,
          uniq_asterion

Skill      XL: |  1  2  3  4  5  6  7  8  9 10 11 12 13 14 15 16 17 18 |
---------------+-------------------------------------------------------+-----
Stealth        | 1 2 3 4 5 |  5.3
Throwing       | 1 2 |  2.0
Fire Magic     | 4 5 7 8 |  8.5
Spellcasting   | 2 3 4 6 |  6.5
Fighting       | 4 5 6 8 9 11 12 13 14 15 16 | 16.3
Dodging        | 4 5 7 9 11 | 11.8
Short Blades   | 5 |  5.3
Staves         | 6 8 |  8.0
Air Magic      | 1 8 11 13 14 16 18 | 18.3
Conjurations   | 1 8 11 13 16 17 | 17.4
Ice Magic      | 3 6 |  6.0
Armour         | 8 14 | 14.7
Shields        | 5 |  5.0
Summonings     | 4 |  4.0

Action                     |  1- 3 |  4- 6 |  7- 9 | 10-12 | 13-15 | 16-18 || total
---------------------------+-------+-------+-------+-------+-------+-------++-------
  Melee: Dagger            |    86 |    20 |   181 |   131 |       |       ||   418
         Short sword       |     8 |       |       |       |       |       ||     8
         Kick              |    16 |     2 |    60 |   128 |   182 |    98 ||   486
         Peck              |    13 |       |    38 |    76 |   118 |    63 ||   308
         Lajatang          |       |       |       |   227 |   334 |       ||   561
         Staff             |       |       |       |       |   117 |   267 ||   384
  Throw: Dart              |     8 |     7 |     1 |     8 |       |       ||    24
         Javelin           |       |       |     2 |     3 |       |       ||     5
         Boomerang         |       |       |       |     4 |       |       ||     4
         Throwing net      |       |       |       |     3 |       |       ||     3
   Cast: Scorch            |    11 |    48 |    98 |   136 |    68 |       ||   361
         Freezing Cloud    |       |       |       |       |    69 |       ||    69
         Airstrike         |       |       |       |       |   166 |   291 ||   457
         Arcjolt           |       |       |       |       |    67 |   145 ||   212
         Summon Lightning  |       |       |       |       |     6 |    25 ||    31
         Orb of Destructio |       |       |       |       |       |    92 ||    92
         Chain Lightning   |       |       |       |       |       |     3 ||     3
 Invoke: Foxfire Swarm     |       |       |     1 |       |       |       ||     1
         Fiery Armour      |       |       |     1 |       |       |       ||     1
         Channel Magic     |       |       |       |       |     5 |    12 ||    17
         Divine Exegesis   |       |       |       |       |       |     3 ||     3
  Evoke: Wand              |       |       |       |     1 |     2 |     1 ||     4
    Use: Potion            |       |     1 |     2 |     1 |     4 |     3 ||    11
         Scroll            |       |       |    12 |    15 |    12 |     8 ||    47
   Stab: Sleeping          |     1 |       |    10 |     8 |     5 |     2 ||    26
         Distracted        |       |       |       |     2 |     3 |     2 ||     7
         Held in net/web   |       |       |       |     1 |       |       ||     1
 Armour: Robe              |    22 |       |       |       |       |       ||    22
         Leather armour    |       |     7 |    39 |    75 |     9 |       ||   130
         Steam dragon scal |       |       |       |       |   113 |       ||   113
         Troll leather arm |       |       |       |       |     2 |   131 ||   133
  Dodge: Dodged            |    60 |    33 |   111 |   357 |   642 |   480 ||  1683
  Block: Buckler           |       |       |       |       |    58 |   145 ||   203

Table legend: (Time is in decaauts)
 A = Elapsed time spent in this place.
 B = Non-inter-level travel time spent in this place.
 C = Inter-level travel time spent in this place.
 D = Time resting spent in this place.
 E = Time spent auto-exploring this place.
 F = Levels seen in this place.
 G = Mean time per level.
                   A        B        C        D        E       F      G
               +--------+--------+--------+--------+--------+-----+--------+
         Total |  52563 |  48426 |   4137 |   3651 |  37569 |  37 | 1420.6 |
       Dungeon |  23668 |  21444 |   2224 |   1411 |  16767 |  15 | 1577.9 |
        Temple |     39 |     28 |     11 |      0 |      5 |   1 |   39.0 |
          Lair |   8407 |   7164 |   1243 |    642 |   5401 |   5 | 1681.4 |
         Swamp |   5838 |   5572 |    266 |    848 |   4135 |   4 | 1459.5 |
     Snake Pit |   9140 |   8904 |    236 |    589 |   7150 |   4 | 2285.0 |
  Orcish Mines |   3093 |   2939 |    154 |    110 |   2474 |   2 | 1546.5 |
   Elven Halls |    643 |    643 |      0 |      0 |    492 |   1 |  643.0 |
         Abyss |    178 |    178 |      0 |      8 |    104 |   2 |   89.0 |
       Ossuary |    233 |    233 |      0 |      0 |    109 |   1 |  233.0 |
        Bailey |    483 |    483 |      0 |      0 |    296 |   1 |  483.0 |
      Gauntlet |    838 |    838 |      0 |     40 |    631 |   1 |  838.0 |
               +--------+--------+--------+--------+--------+-----+--------+

Top non-repeatable levels by time:
 Swamp:2: 2929 daAuts
 Snake:4: 2665 daAuts
 Snake:3: 2604 daAuts
  Lair:2: 2589 daAuts
    D:14: 2431 daAuts
   Orc:2: 2400 daAuts
  Lair:5: 2173 daAuts
    D:10: 2036 daAuts
 Snake:2: 2010 daAuts
     D:9: 1991 daAuts
    D:15: 1864 daAuts
 Snake:1: 1860 daAuts
    D:12: 1814 daAuts
    D:11: 1714 daAuts
     D:2: 1664 daAuts
